General information
- name: BNet
- type: Ladder team game (AT/RT)
- host: Battle.net
- saver: TheOrcishHoard
map: Cherryville
- players: 8
- length: 44:31
- speed: Fast
- version: 1.26 W3XP
- replay type: Public
» download(264 KB)
Players
team 1 (loser)

»
flquiste (
blue | 53 APM | 1806 actions | 34:01)
8 Archmage
3 Summon Water Elemental
1 Brilliance Aura
3 Blizzard
1 Mass Teleport
» actions
| Assign group hotkey | 59 | |
| Basic commands | 156 | |
| Build / train | 110 | |
| Enter build submenu | 23 | |
| Enter hero's abilities submenu | 8 | |
| Remove unit from queue | 1 | |
| Right click | 268 | |
| Select / deselect | 500 | |
| Select group hotkey | 583 | |
| Use ability | 98 | |
1806 total
» units
| Peasant | 15 | |
| Rifleman | 20 | |
| Mortar Team | 17 | |
| Sorceress | 11 | |
| Priest | 2 | |
| Siege Engine | 1 | |
66 total
» upgrades
| Gunpowder | 3 | |
| Armor | 2 | |
| Lumber Harvesting | 2 | |
| Long Rifles | 1 | |
| Sorceress Training | 2 | |
| Fragmentation Shards | 1 | |
| Masonry | 1 | |
| Barrage | 1 | |
13 total
» buildings
| Altar of Kings | 1 | |
| Farm | 14 | |
| Barracks | 1 | |
| Lumber Mill | 1 | |
| Arcane Vault | 1 | |
| Blacksmith | 1 | |
| Scout Tower | 7 | |
| Town Hall | 2 | |
| Keep | 1 | |
| Arcane Tower | 2 | |
| Guard Tower | 6 | |
| Castle | 1 | |
| Workshop | 2 | |
| Arcane Sanctum | 1 | |
| Cannon Tower | 1 | |
42 total
» build order
00:08 Altar of Kings
00:13 Farm
00:14 Farm
00:38 Barracks
01:33 Lumber Mill
01:51 Arcane Vault
02:03 Blacksmith
03:20 Farm
03:23 Scout Tower
03:24 Scout Tower
04:02 Scout Tower
04:47 Town Hall
04:52 Keep
04:53 Arcane Tower
04:55 Guard Tower
05:14 Guard Tower
06:45 Scout Tower
06:46 Scout Tower
06:47 Scout Tower
06:47 Scout Tower
07:17 Guard Tower
08:02 Castle
08:54 Workshop
09:23 Arcane Tower
09:32 Guard Tower
09:32 Guard Tower
09:32 Guard Tower
10:08 Workshop
10:28 Arcane Sanctum
11:42 Farm
11:43 Farm
11:44 Farm
12:34 Farm
12:35 Farm
13:50 Farm
13:51 Farm
13:52 Farm
13:53 Farm
17:28 Cannon Tower
17:46 Farm
17:47 Farm
25:34 Town Hall
» items
| Lesser Clarity Potion | 6 | |
| Scroll of Regeneration | 2 | |
| Scroll of Town Portal | 1 | |
| Potion of Healing | 1 | |
10 total
TheDragonsHoard (
green | 43 APM | 1895 actions | 44:31)
8 Blademaster
3 Wind Walk
3 Critical Strike
1 Bladestorm
1 Mirror Image
» actions
| Assign group hotkey | 51 | |
| Basic commands | 148 | |
| Build / train | 77 | |
| Enter build submenu | 70 | |
| Enter hero's abilities submenu | 8 | |
| Give item / drop item | 6 | |
| Remove unit from queue | 2 | |
| Right click | 687 | |
| Select / deselect | 407 | |
| Select group hotkey | 180 | |
| Use ability | 259 | |
1895 total
» units
| Peon | 19 | |
| Grunt | 4 | |
| Goblin Shredder | 1 | |
| Troll Batrider | 14 | |
| Troll Witch Doctor | 1 | |
| Wind Rider | 5 | |
44 total
» upgrades
| Ranged Weapons | 3 | |
| Armor | 3 | |
| Troll Regeneration | 1 | |
| Envenomed Spears | 1 | |
| Reinforced Defenses | 1 | |
9 total
» buildings
| Orc Burrow | 5 | |
| Altar of Storms | 1 | |
| Barracks | 1 | |
| Voodoo Lounge | 3 | |
| Stronghold | 1 | |
| War Mill | 2 | |
| Great Hall | 7 | |
| Beastiary | 3 | |
| Watch Tower | 51 | |
| Fortress | 1 | |
| Spirit Lodge | 1 | |
76 total
» build order
00:13 Orc Burrow
00:52 Altar of Storms
00:55 Barracks
01:07 Orc Burrow
01:41 Voodoo Lounge
02:57 Stronghold
03:57 Orc Burrow
04:09 War Mill
04:54 Great Hall
07:07 Beastiary
07:07 Beastiary
07:23 Watch Tower
07:23 Watch Tower
07:36 Beastiary
07:54 Watch Tower
07:57 Watch Tower
07:59 Watch Tower
08:43 Watch Tower
08:46 Watch Tower
08:49 Watch Tower
09:54 Fortress
10:11 Watch Tower
10:11 Watch Tower
10:16 Watch Tower
11:03 Voodoo Lounge
11:04 Voodoo Lounge
11:06 Spirit Lodge
11:49 Watch Tower
11:50 Watch Tower
11:50 Watch Tower
11:51 Watch Tower
11:51 Watch Tower
11:54 Watch Tower
12:01 Watch Tower
12:14 Great Hall
12:17 Watch Tower
12:21 Watch Tower
12:23 Watch Tower
12:24 Watch Tower
12:56 War Mill
17:25 Great Hall
17:28 Watch Tower
17:28 Watch Tower
17:30 Watch Tower
17:30 Watch Tower
17:30 Watch Tower
17:31 Watch Tower
17:31 Watch Tower
17:41 Watch Tower
17:42 Watch Tower
18:09 Watch Tower
18:09 Watch Tower
18:10 Watch Tower
18:13 Watch Tower
18:14 Watch Tower
18:18 Watch Tower
19:24 Orc Burrow
19:31 Orc Burrow
21:21 Great Hall
21:25 Watch Tower
21:26 Watch Tower
21:26 Watch Tower
21:40 Watch Tower
21:41 Watch Tower
21:41 Watch Tower
25:46 Great Hall
26:23 Great Hall
26:30 Watch Tower
26:30 Watch Tower
26:31 Watch Tower
26:31 Watch Tower
26:32 Watch Tower
26:33 Watch Tower
26:33 Watch Tower
26:33 Watch Tower
30:55 Great Hall
» items
| Healing Salve | 4 | |
| Periapt of Vitality | 2 | |
| Potion of Healing | 1 | |
| Staff of Teleportation | 1 | |
| Scroll of Town Portal | 1 | |
| Orb of Lightning | 1 | |
10 total

»
Phallic_Quest (
teal | 36 APM | 1266 actions | 34:42)
7 Shadow Hunter
3 Healing Wave
3 Hex
1 Big Bad Voodoo
» actions
| Assign group hotkey | 25 | |
| Basic commands | 69 | |
| Build / train | 92 | |
| Enter build submenu | 41 | |
| Enter hero's abilities submenu | 7 | |
| Remove unit from queue | 4 | |
| Right click | 335 | |
| Select / deselect | 382 | |
| Select group hotkey | 204 | |
| Use ability | 107 | |
1266 total
» units
| Peon | 18 | |
| Troll Headhunter/Berserker | 27 | |
| Troll Witch Doctor | 9 | |
| Demolisher | 5 | |
| Wind Rider | 6 | |
65 total
» upgrades
| Ranged Weapons | 3 | |
| Troll Regeneration | 1 | |
| Witch Doctor Training | 2 | |
| Berserker Upgrade | 1 | |
| Armor | 2 | |
| Burning Oil | 1 | |
| Reinforced Defenses | 1 | |
11 total
» buildings
| Altar of Storms | 2 | |
| Orc Burrow | 17 | |
| Barracks | 2 | |
| War Mill | 4 | |
| Stronghold | 1 | |
| Voodoo Lounge | 1 | |
| Great Hall | 2 | |
| Spirit Lodge | 3 | |
| Fortress | 1 | |
| Watch Tower | 5 | |
| Beastiary | 3 | |
41 total
» build order
00:08 Altar of Storms
00:14 Orc Burrow
01:01 Barracks
01:06 War Mill
01:16 Barracks
02:16 Orc Burrow
03:14 Orc Burrow
03:58 Orc Burrow
05:03 Stronghold
05:15 Voodoo Lounge
06:59 Great Hall
08:04 Spirit Lodge
08:08 Spirit Lodge
08:14 Spirit Lodge
08:27 War Mill
09:47 Fortress
12:09 Orc Burrow
12:14 Orc Burrow
13:16 Orc Burrow
13:43 Orc Burrow
13:56 War Mill
15:23 Watch Tower
15:30 Watch Tower
15:37 Watch Tower
15:41 Watch Tower
17:27 Watch Tower
17:31 Beastiary
17:33 Beastiary
17:36 Beastiary
29:44 Altar of Storms
29:48 Orc Burrow
29:50 Orc Burrow
29:53 Orc Burrow
29:58 Orc Burrow
30:10 War Mill
30:20 Orc Burrow
30:22 Orc Burrow
30:55 Great Hall
31:03 Orc Burrow
31:41 Orc Burrow
31:45 Orc Burrow
» items
| Healing Salve | 1 | |
| Lesser Clarity Potion | 1 | |
2 total

»
RonJohnSilvaAP (
red | 28 APM | 987 actions | 34:59)
6 Death Knight
3 Death Coil
2 Unholy Aura
1 Animate Dead
» actions
| Basic commands | 2 | |
| Build / train | 49 | |
| Enter build submenu | 20 | |
| Enter hero's abilities submenu | 6 | |
| Give item / drop item | 2 | |
| Remove unit from queue | 2 | |
| Right click | 561 | |
| Select / deselect | 305 | |
| Use ability | 40 | |
987 total
» units
| Acolyte | 7 | |
| Ghoul | 5 | |
| Crypt Fiend | 3 | |
| Frost Wyrm | 7 | |
| Gargoyle | 4 | |
26 total
» upgrades
| Creature Attack | 3 | |
| Creature Carapace | 3 | |
| Freezing Breath | 1 | |
7 total
» buildings
| Ziggurat | 10 | |
| Altar of Darkness | 1 | |
| Crypt | 1 | |
| Graveyard | 1 | |
| Nerubian Tower | 1 | |
| Tomb of Relics | 1 | |
| Spirit Tower | 1 | |
| Halls of the Dead | 1 | |
| Sacrificial Pit | 1 | |
| Black Citadel | 1 | |
| Boneyard | 2 | |
| Necropolis | 1 | |
22 total
» build order
00:53 Ziggurat
00:56 Altar of Darkness
01:01 Crypt
01:12 Graveyard
01:59 Ziggurat
02:52 Ziggurat
03:29 Nerubian Tower
04:54 Tomb of Relics
05:06 Spirit Tower
05:53 Halls of the Dead
08:22 Sacrificial Pit
08:51 Black Citadel
10:11 Ziggurat
10:14 Ziggurat
11:14 Boneyard
11:18 Boneyard
15:06 Ziggurat
15:34 Ziggurat
15:37 Ziggurat
20:20 Ziggurat
20:22 Ziggurat
21:40 Necropolis
28:02 Halls of the Dead
» items
| Dust of Appearance | 1 | |
| Orb of Corruption | 1 | |
| Staff of Teleportation | 1 | |
3 total
team 2 (winner)

»
ft4life (
pink | 20 APM | 877 actions | 44:31)
2 Blademaster
1 Wind Walk
1 Critical Strike
1 Priestess of the Moon
1 Trueshot Aura
» actions
| Basic commands | 31 | |
| Build / train | 83 | |
| ESC pressed | 3 | |
| Enter build submenu | 28 | |
| Enter hero's abilities submenu | 3 | |
| Remove unit from queue | 2 | |
| Right click | 245 | |
| Select / deselect | 387 | |
| Use ability | 93 | |
877 total
» units
| Peon | 14 | |
| Troll Batrider | 25 | |
| Wisp | 8 | |
| Hippogryph | 16 | |
63 total
» upgrades
| Spiked Barricades | 1 | |
| Ranged Weapons | 3 | |
| Liquid Fire | 1 | |
| Armor | 3 | |
| Reinforced Defenses | 0 | |
| Druid of the Talon Training | | |
| Strength of the Wild | 1 | |
| Reinforced Hides | 2 | |
11 total
» buildings
| Orc Burrow | 7 | |
| Altar of Storms | 1 | |
| War Mill | 1 | |
| Watch Tower | 8 | |
| Stronghold | 1 | |
| Beastiary | 2 | |
| Voodoo Lounge | 1 | |
| Fortress | 1 | |
| Moon Well | 2 | |
| Hunter's Hall | 1 | |
| Ancient of Wind | 2 | |
| Tree of Eternity | 1 | |
28 total
» build order
00:07 Orc Burrow
00:29 Altar of Storms
00:46 War Mill
02:00 Watch Tower
02:02 Watch Tower
02:30 Watch Tower
03:57 Watch Tower
04:20 Watch Tower
04:21 Watch Tower
04:34 Stronghold
06:52 Watch Tower
06:59 Watch Tower
07:05 Orc Burrow
07:10 Orc Burrow
07:25 Beastiary
07:38 Orc Burrow
07:42 Orc Burrow
08:00 Beastiary
08:06 Voodoo Lounge
08:14 Fortress
08:36 Orc Burrow
08:40 Orc Burrow
27:39 Moon Well
27:48 Hunter's Hall
31:52 Ancient of Wind
33:35 Ancient of Wind
34:07 Moon Well
34:53 Tree of Eternity
» items
TheOrcishHoard (
yellow | 102 APM | 4539 actions | 44:31)
7 Archmage
3 Summon Water Elemental
3 Brilliance Aura
1 Mass Teleport
6 Mountain King
3 Storm Bolt
2 Bash
1 Avatar
» actions
| Assign group hotkey | 97 | |
| Basic commands | 271 | |
| Build / train | 316 | |
| ESC pressed | 40 | |
| Enter build submenu | 113 | |
| Enter hero's abilities submenu | 13 | |
| Give item / drop item | 14 | |
| Remove unit from queue | 1 | |
| Right click | 1365 | |
| Select / deselect | 784 | |
| Select group hotkey | 1118 | |
| Use ability | 407 | |
4539 total
» units
| Peasant | 43 | |
| Footman | 14 | |
| Goblin Shredder | 2 | |
| Siege Engine | 4 | |
| Dragonhawk Rider | 7 | |
| Gryphon Rider | 8 | |
| Mortar Team | 2 | |
| Knight | 1 | |
| Flying Machine | 4 | |
| Goblin Zeppelin | 4 | |
| Goblin Sapper | 6 | |
95 total
» upgrades
| Masonry | 3 | |
| Defend | 1 | |
| Lumber Harvesting | 2 | |
| Swords | 3 | |
| Plating | 3 | |
| Barrage | 1 | |
| Animal War Training | 1 | |
| Cloud | 1 | |
| Armor | 3 | |
| Gunpowder | 3 | |
| Long Rifles | 1 | |
| Storm Hammers | 1 | |
| Flak Cannons | 1 | |
| Flying Machine Bombs | 1 | |
| Fragmentation Shards | 1 | |
| Flare | 1 | |
27 total
» buildings
| Barracks | 2 | |
| Altar of Kings | 2 | |
| Farm | 12 | |
| Arcane Vault | 2 | |
| Town Hall | 2 | |
| Scout Tower | 79 | |
| Lumber Mill | 1 | |
| Arcane Tower | 7 | |
| Keep | 6 | |
| Guard Tower | 112 | |
| Castle | 5 | |
| Blacksmith | 1 | |
| Gryphon Aviary | 2 | |
| Workshop | 3 | |
236 total
» build order
00:11 Barracks
00:13 Altar of Kings
00:24 Farm
01:00 Farm
01:35 Arcane Vault
01:59 Farm
03:37 Town Hall
04:04 Farm
04:46 Scout Tower
04:49 Lumber Mill
05:34 Farm
05:43 Arcane Tower
06:17 Keep
07:32 Scout Tower
07:32 Scout Tower
07:33 Scout Tower
07:34 Scout Tower
07:35 Scout Tower
07:40 Scout Tower
07:44 Scout Tower
07:51 Scout Tower
07:53 Scout Tower
07:56 Scout Tower
08:02 Guard Tower
08:08 Guard Tower
08:21 Guard Tower
08:21 Guard Tower
08:22 Arcane Tower
08:23 Arcane Tower
08:23 Arcane Tower
09:01 Castle
09:01 Castle
09:01 Castle
09:12 Guard Tower
09:12 Guard Tower
09:43 Blacksmith
11:55 Gryphon Aviary
11:57 Gryphon Aviary
12:05 Workshop
12:06 Workshop
12:10 Barracks
12:53 Guard Tower
13:03 Workshop
13:06 Guard Tower
13:07 Guard Tower
13:07 Guard Tower
13:16 Scout Tower
13:17 Scout Tower
14:18 Guard Tower
14:18 Guard Tower
14:19 Guard Tower
16:50 Farm
16:52 Farm
16:53 Farm
16:53 Farm
16:55 Scout Tower
16:56 Scout Tower
16:59 Scout Tower
17:01 Scout Tower
17:22 Scout Tower
17:24 Guard Tower
17:24 Guard Tower
17:24 Guard Tower
17:25 Guard Tower
17:25 Guard Tower
17:25 Guard Tower
17:26 Guard Tower
17:26 Guard Tower
17:27 Guard Tower
17:27 Guard Tower
17:28 Guard Tower
17:49 Town Hall
17:51 Scout Tower
17:53 Scout Tower
17:54 Scout Tower
17:56 Scout Tower
17:57 Scout Tower
18:03 Scout Tower
18:05 Scout Tower
18:08 Scout Tower
18:10 Scout Tower
18:14 Guard Tower
18:15 Guard Tower
18:31 Scout Tower
18:32 Scout Tower
18:33 Scout Tower
18:35 Scout Tower
18:38 Scout Tower
18:41 Scout Tower
18:49 Scout Tower
18:58 Guard Tower
18:58 Guard Tower
18:58 Guard Tower
19:57 Guard Tower
19:57 Guard Tower
19:58 Guard Tower
21:10 Scout Tower
21:10 Scout Tower
21:11 Scout Tower
21:12 Scout Tower
21:41 Guard Tower
21:41 Guard Tower
21:42 Guard Tower
21:42 Guard Tower
21:42 Guard Tower
21:42 Guard Tower
23:05 Scout Tower
23:05 Scout Tower
23:06 Scout Tower
23:06 Scout Tower
23:07 Scout Tower
23:09 Scout Tower
23:15 Scout Tower
23:15 Scout Tower
23:16 Scout Tower
23:17 Scout Tower
23:19 Scout Tower
23:34 Guard Tower
23:34 Guard Tower
23:35 Guard Tower
23:35 Guard Tower
23:35 Guard Tower
23:36 Guard Tower
23:45 Guard Tower
23:45 Guard Tower
23:50 Guard Tower
23:50 Guard Tower
24:09 Scout Tower
24:10 Scout Tower
24:11 Scout Tower
24:12 Scout Tower
24:15 Scout Tower
24:44 Scout Tower
24:45 Scout Tower
24:45 Scout Tower
24:47 Scout Tower
24:50 Scout Tower
24:51 Scout Tower
25:03 Scout Tower
25:04 Scout Tower
25:06 Scout Tower
25:09 Scout Tower
25:11 Scout Tower
25:15 Guard Tower
25:15 Guard Tower
25:16 Guard Tower
25:16 Guard Tower
25:23 Guard Tower
25:23 Guard Tower
25:23 Guard Tower
26:11 Keep
26:11 Keep
26:11 Keep
26:12 Keep
27:15 Scout Tower
27:18 Guard Tower
27:18 Guard Tower
27:19 Guard Tower
27:47 Guard Tower
27:47 Guard Tower
27:49 Scout Tower
27:50 Scout Tower
27:51 Scout Tower
28:38 Guard Tower
28:43 Scout Tower
28:44 Scout Tower
28:45 Scout Tower
29:30 Guard Tower
29:31 Guard Tower
29:31 Guard Tower
29:33 Farm
29:36 Arcane Vault
30:11 Guard Tower
30:12 Guard Tower
30:15 Farm
32:12 Altar of Kings
32:16 Scout Tower
32:17 Scout Tower
32:18 Scout Tower
32:19 Scout Tower
32:20 Scout Tower
32:21 Scout Tower
32:25 Scout Tower
36:55 Guard Tower
36:56 Guard Tower
36:56 Guard Tower
38:02 Farm
» items
| Scroll of Regeneration | 5 | |
| Periapt of Vitality | 2 | |
| Staff of Teleportation | 2 | |
| Orb of Fire | 1 | |
| Ivory Tower | 4 | |
| Staff of Sanctuary | 1 | |
| Boots of Speed | 1 | |
| Scroll of Town Portal | 5 | |
| Scroll of Healing | 2 | |
| Potion of Lesser Invulnerability | 1 | |
| Potion of Healing | 3 | |
27 total
SupraDGK (
purple | 47 APM | 997 actions | 21:14)
4 Demon Hunter
2 Mana Burn
2 Evasion
2 Priestess of the Moon
1 Trueshot Aura
1 Searing Arrows
» actions
| Assign group hotkey | 29 | |
| Build / train | 68 | |
| ESC pressed | 5 | |
| Enter build submenu | 15 | |
| Enter hero's abilities submenu | 6 | |
| Give item / drop item | 7 | |
| Right click | 479 | |
| Select / deselect | 238 | |
| Select group hotkey | 82 | |
| Use ability | 65 | |
997 total
» units
| Wisp | 20 | |
| Archer | 14 | |
| Hippogryph | 9 | |
43 total
» upgrades
| Improved Bows | 1 | |
| Strength of the Moon | 3 | |
| Hippogryph Taming | 1 | |
| Moon Armor | 3 | |
| Marksmanship | 1 | |
9 total
» buildings
| Altar of Elders | 1 | |
| Moon Well | 6 | |
| Ancient of War | 2 | |
| Tree of Ages | 1 | |
| Tree of Life | 3 | |
| Hunter's Hall | 1 | |
| Ancient of Wind | 2 | |
| Tree of Eternity | 1 | |
17 total
» build order
00:08 Altar of Elders
00:22 Moon Well
00:37 Ancient of War
01:31 Moon Well
03:11 Tree of Ages
03:38 Moon Well
05:06 Tree of Life
05:20 Hunter's Hall
05:24 Moon Well
06:34 Ancient of Wind
06:37 Ancient of Wind
08:26 Moon Well
11:22 Moon Well
12:11 Tree of Eternity
14:41 Tree of Life
17:11 Tree of Life
17:19 Ancient of War
» items
| Potion of Healing | 1 | |
| Scroll of Regeneration | 1 | |
| Orb of Lightning | 1 | |
| Scroll of Town Portal | 1 | |
| Healing Salve | 1 | |
| Scroll of Speed | 1 | |
6 total

»
divayth (
orange | 52 APM | 2302 actions | 44:15)
4 Pandaren Brewmaster
2 Breath of Fire
2 Drunken Haze
» actions
| Assign group hotkey | 19 | |
| Basic commands | 89 | |
| Build / train | 70 | |
| Enter build submenu | 37 | |
| Enter hero's abilities submenu | 5 | |
| Give item / drop item | 1 | |
| Remove unit from queue | 7 | |
| Right click | 1394 | |
| Select / deselect | 543 | |
| Select group hotkey | 57 | |
| Use ability | 80 | |
2302 total
» units
| Peasant | 15 | |
| Footman | 3 | |
| Siege Engine | 10 | |
| Goblin Shredder | 1 | |
| Goblin Zeppelin | 1 | |
| Wisp | 6 | |
| Druid of the Talon | 1 | |
37 total
» upgrades
| Lumber Harvesting | 2 | |
| Masonry | 3 | |
| Gunpowder | 3 | |
| Barrage | 1 | |
| Plating | 1 | |
| Ultravision | 1 | |
| Druid of the Talon Training | 1 | |
12 total
» buildings
| Altar of Kings | 1 | |
| Farm | 13 | |
| Barracks | 1 | |
| Scout Tower | 3 | |
| Town Hall | 1 | |
| Arcane Tower | 2 | |
| Lumber Mill | 1 | |
| Keep | 1 | |
| Arcane Vault | 2 | |
| Castle | 1 | |
| Blacksmith | 1 | |
| Guard Tower | 1 | |
| Workshop | 3 | |
| Altar of Elders | 1 | |
| Moon Well | 3 | |
| Tree of Ages | 1 | |
| Ancient of War | 1 | |
37 total
» build order
00:10 Altar of Kings
00:15 Farm
00:26 Barracks
01:41 Farm
02:56 Scout Tower
03:46 Town Hall
04:40 Arcane Tower
04:43 Lumber Mill
05:00 Farm
05:56 Keep
07:02 Arcane Vault
08:34 Castle
08:41 Blacksmith
08:45 Scout Tower
08:47 Scout Tower
09:34 Guard Tower
09:36 Arcane Tower
10:09 Workshop
10:39 Workshop
11:21 Workshop
12:33 Arcane Vault
12:59 Farm
13:03 Farm
13:10 Farm
13:14 Farm
13:20 Farm
18:44 Farm
18:44 Farm
18:45 Farm
18:48 Farm
18:50 Farm
27:23 Altar of Elders
27:38 Moon Well
28:32 Moon Well
28:38 Tree of Ages
30:47 Moon Well
33:05 Ancient of War
» items
| Scroll of Town Portal | 1 | |
| Potion of Healing | 1 | |
2 total
Chat log
(00:16 / Allies) ft4life: plan?
(00:20 / All) TheOrcishHoard: What a coincidence that our names are similar, green
(00:27 / All) TheDragonsHoard: Heh
(00:29 / All) TheDragonsHoard: Funny, that
(00:42 / Allies) TheOrcishHoard: Divayth, are you Divayth Fyr the Mage-Lord of Tel Fyr? Can I visit your corprusarium?
(00:46 / Allies) SupraDGK: quick expoing there
(00:57 / All) Phallic_Quest: trolls sh
(00:58 / Allies) divayth: No one is allowed in!
(01:08 / Allies) ft4life: i can tell you what a vagina feels like
(01:09 / Allies) TheOrcishHoard: Why not
(01:13 / Allies) TheOrcishHoard: I want an artifact
(01:15 / Allies) divayth: it's dangerous
(01:21 / Allies) divayth: you may die, we have had several complaints...
(01:26 / Allies) TheOrcishHoard: You have Volendrung though
(01:29 / Allies) ft4life: vaginas are dangerous
(01:31 / Allies) divayth: damn protection agencies these days
(01:37 / Allies) divayth: no no that's not the problem
(01:44 / All) SupraDGK: never met so many kikes
(01:50 / All) TheOrcishHoard: What's wrong?
(01:51 / All) Phallic_Quest: im a kike
(01:55 / All) TheOrcishHoard: Are you offended by our Morrowind discussion?
(02:01 / All) Phallic_Quest: this is fucking jewcraft.
(02:06 / All) TheOrcishHoard: ^^^^
(02:09 / All) SupraDGK: kikcraft
(02:09 / All) TheOrcishHoard: It's why I hoard gold
(02:22 / All) TheDragonsHoard: THIS. IS. JEWCRAFT!
(03:22 / All) Phallic_Quest: i live with my dad
(03:27 / All) Phallic_Quest: i call his house the jew hovel
(04:05 / Allies) divayth: does drunken brawler stack with evasion talisman?
(04:08 / Allies) divayth: lol
(04:13 / Allies) SupraDGK: i think so actually
(04:16 / Allies) TheOrcishHoard: yes
(04:21 / Allies) divayth: eh haze is better anyway
(04:26 / Allies) divayth: i'm gonna get a shitload of tanks
(04:32 / Allies) SupraDGK: ty pink
(04:37 / Allies) ft4life: np
(05:11 / Allies) SupraDGK: ty
(06:17 / All) TheDragonsHoard: pink is good
(06:20 / All) TheDragonsHoard: he got two peons
(10:09 / Allies) TheOrcishHoard: wait purp
(10:13 / Allies) TheOrcishHoard: my mk needs xp
(10:28 / Allies) SupraDGK: kk
(10:30 / Allies) TheOrcishHoard: ty
(10:39 / Allies) TheOrcishHoard: surprised you waited
(10:43 / Allies) TheOrcishHoard: most players don't
(10:51 / Allies) ft4life: blue here
(11:44 / Allies) ft4life: bring them to my base
(12:56 / Allies) SupraDGK: i have tp
(13:28 / Allies) SupraDGK: fk
(13:55 / Allies) ft4life: lets attack
(13:57 / Allies) ft4life: green has no army
(13:58 / Allies) SupraDGK: yeah
(14:07 / Allies) SupraDGK: hit green
(14:10 / Allies) SupraDGK: meet
(14:31 / Allies) ft4life: i will blow up bats
(15:31 / Allies) ft4life: yellow build
(15:37 / Allies) TheOrcishHoard: I did
(15:38 / Allies) TheOrcishHoard: at 50 food
(15:50 / Allies) ft4life: look at your cash fag
(16:20 / Allies) ft4life: im going to make more bats and kill yellow if he doesnt build
(16:34 / Allies) ft4life: actually im going to kill him regaurdless
(16:42 / Allies) TheOrcishHoard: Try it faggot
(16:46 / All) TheOrcishHoard: Pink is threatening to tk me
(16:54 / All) ft4life: it isnt a threat
(16:57 / All) Phallic_Quest: lets kill pink
(16:58 / All) ft4life: i will tk him
(17:03 / All) TheOrcishHoard: And fail
(17:05 / All) TheOrcishHoard: Because you are garbage
(17:12 / All) ft4life: he refuses to go past 50 food
(17:12 / All) TheDragonsHoard: I appreciate teh help fellas
(17:14 / All) TheOrcishHoard: Try it faggot
(17:18 / All) TheOrcishHoard: I'm going over 50 food now to kill you
(17:21 / All) TheDragonsHoard: but seriously gtfoutta my way
(17:34 / All) ft4life: 4k gold 3k lumber
(17:40 / Allies) SupraDGK: dude
(17:41 / Allies) SupraDGK: yellow
(17:46 / Allies) SupraDGK: pass me some gold
(17:53 / All) ft4life: and not going past 50 food
(17:59 / Allies) TheOrcishHoard: I will once I kill pink
(18:04 / All) ft4life: the orcish hoard blows nuts
(18:23 / All) ft4life: teal go to yellow and i will help you
(18:31 / All) ft4life: hes bottom left
(18:52 / All) TheOrcishHoard: Can't take me by yourself?
(19:02 / All) ft4life: didnt know if anyone else wanted fun
(19:18 / Allies) ft4life: save your cash fag
(19:37 / Allies) ft4life: cheater
(19:44 / All) TheOrcishHoard: I'm cheating? How so?
(19:51 / All) TheOrcishHoard: It's called cloud son
(20:02 / All) ft4life: why should cloud work on your own teams towers
(20:08 / All) TheOrcishHoard: I don't know but it does
(20:12 / Allies) SupraDGK: wtf r u guys doing
(20:16 / All) TheDragonsHoard: you will lose that DH
(20:18 / All) TheDragonsHoard: motherfucker
(20:18 / Allies) TheOrcishHoard: He wanted to kill me
(20:21 / All) ft4life: if i cant blow up then you shouldnt be able to cloud
(20:25 / Allies) divayth: may i reside at your humble abode yellow?
(20:34 / Allies) divayth: my pandaren is mighty tired
(20:37 / All) TheOrcishHoard: I shouldn't be able to
(20:38 / Allies) TheOrcishHoard: Yes sir
(21:39 / All) flquiste: own
(21:47 / All) TheOrcishHoard: Not over yet
(21:48 / Allies) ft4life: teal go to next base
(21:53 / All) ft4life: teal go to next base
(21:58 / All) ft4life: that is where the fag lives
(21:59 / All) flquiste: lol
(22:04 / Allies) divayth: lol
(22:18 / All) ft4life: there you go blue
(22:23 / All) ft4life: drag that fag with your pick up truck
(22:44 / All) TheOrcishHoard: FUCKING LATENCy
(22:44 / All) ft4life: let my peons through
(22:47 / All) TheOrcishHoard: If I had 0 sc latency
(22:49 / All) TheOrcishHoard: i would have gotten the tp
(23:12 / Allies) divayth: my panda died with honor
(23:18 / Allies) divayth: lol
(23:43 / All) ft4life: i got your back blue
(23:58 / All) RonJohnSilvaAP: green is tking
(24:04 / All) TheDragonsHoard: lumber!
(24:07 / All) ft4life: that a boy
(24:18 / All) TheOrcishHoard: Told you it wasn't over
(24:55 / Allies) TheOrcishHoard: Orange stop attacking green
(24:57 / Allies) TheOrcishHoard: He is tking
(24:58 / Allies) TheOrcishHoard: not a good idea
(25:01 / Allies) TheOrcishHoard: he is on our team
(25:14 / Allies) divayth: you'll need to beat him eventually
(25:17 / Allies) divayth: i am the wildcard
(25:18 / Allies) TheOrcishHoard: Don't
(25:19 / Allies) divayth: lol
(25:19 / Allies) TheOrcishHoard: Stop it
(25:21 / Allies) TheOrcishHoard: Stop it or else
(25:35 / Allies) ft4life: watch teal run away from my peons
(25:39 / All) divayth: I BRING CHAOS!!
(27:32 / Allies) ft4life: i should have given my money to purple
(27:39 / Allies) TheOrcishHoard: why
(27:50 / Allies) ft4life: to own
(27:57 / Allies) divayth: u want to control pink?
(28:02 / Allies) ft4life: nah you can
(28:06 / Allies) divayth: dammit
(28:07 / Allies) divayth: lol
(28:09 / Allies) ft4life: ill watch
(28:57 / All) ft4life: you guys are so fucked
(30:04 / All) TheDragonsHoard: did you guys ever watch so weird?
(30:25 / All) TheDragonsHoard: the one with the troll was scary as fuck son
(30:27 / All) divayth: nah, that's so weird you asked
(30:38 / All) ft4life: why cant verizon just give me my jelly bean!!
(31:24 / All) TheDragonsHoard: I thought your main was your last base
(31:39 / All) TheDragonsHoard: which is why I said it was over
(31:54 / All) TheOrcishHoard: I had 2 expos
(31:56 / All) TheOrcishHoard: close game though
(33:43 / All) TheOrcishHoard: what the fuck is this mk doing
(33:48 / All) TheOrcishHoard: stupid fucking wc3 path fidning holy shit
(35:01 / All) TheOrcishHoard: LOL
(35:07 / All) ft4life: fags!
(35:08 / All) TheOrcishHoard: I really mindfucked orange with the cloud
(35:20 / All) TheOrcishHoard: Clouded his towers and he called me a hacker
(35:24 / All) TheDragonsHoard: lol
(35:57 / All) divayth: leave noobs
(35:59 / All) divayth: lol
(36:07 / All) TheOrcishHoard: Why don't you leave?
(36:17 / All) divayth: because clearly i have won us this game
(36:19 / All) TheOrcishHoard: You may be a morrowind player but I demand both teams leave for you to get the win
(36:25 / All) TheOrcishHoard: Shut the fuck up I don't appreciate that tone
(36:27 / All) divayth: me too
(36:29 / All) TheOrcishHoard: You didn't win this: I did
(36:31 / All) TheOrcishHoard: I had the game decided
(36:33 / All) divayth: i demand all players win
(36:36 / All) TheDragonsHoard: Orange should get a loss
(36:38 / All) TheOrcishHoard: You get the loss now and for your disobedience earlier
(36:45 / All) divayth: we shall all win in this together, in loss
(36:52 / All) TheDragonsHoard: tanked my expansion when I was clearly the only reason he didn't already have an L
(37:11 / All) divayth: see look at that arrogance from green
(37:14 / All) divayth: jeez
(37:24 / All) TheOrcishHoard: kill tank
(37:29 / All) ft4life: i could have owned all air if yellow didnt uproot my trees
(37:33 / All) TheOrcishHoard: lol
(37:54 / All) TheDragonsHoard: yeah just like you killed 0 wyverns with however many hippos you had
(38:18 / All) ft4life: i was going to have more but he uprooted and stoped my upgrading
(38:29 / All) ft4life: purple has over 5k gold
(38:30 / All) TheOrcishHoard: Oh really?
(38:39 / All) ft4life: now no wisps
(38:56 / All) divayth: purple hogged gold all game
(39:00 / All) divayth: spread the wealth buddy
(39:25 / All) divayth: fucking democrats man am i right???
(39:28 / All) ft4life: yellow hogged the wealth all game
(39:39 / All) divayth: yellow is a jew so that is a given
(39:43 / All) ft4life: democrats would have shared the wealth
(39:48 / All) TheDragonsHoard: I didn't even put my dudes on gold at my expo
(39:58 / All) divayth: i didn't even have an expo
(40:03 / All) TheDragonsHoard: after blue killed it with morts
(40:09 / All) TheDragonsHoard: I couldn't find his morts in time lawl
(40:14 / All) TheDragonsHoard: he had 2 of them obscured by trees
(40:16 / All) divayth: lawl noob
(40:37 / All) divayth: green versus yellow circle jerk?
(40:41 / All) ft4life: i drew a penis
(40:43 / All) divayth: how it strokin guyss?
(40:51 / All) TheOrcishHoard: You can leave now
(41:00 / All) divayth: are you nearing nerd climax?
(41:03 / All) divayth: nerd rage????
(41:12 / All) TheDragonsHoard: Gonna alt tab and pleasure myself
(41:21 / All) TheOrcishHoard: Are you calling me a nerd when you are named after a character from a game made in 2002?
(41:24 / All) TheOrcishHoard: That is mainly played by nerds?
(41:25 / All) divayth: go on my porn site
(41:29 / All) TheOrcishHoard: That is an RPG, the nerdiest genre?
(41:35 / All) divayth: yes
(41:44 / All) TheOrcishHoard: Grats
(41:49 / All) divayth: thnx
(41:54 / All) divayth: so how's it strokin??
(42:10 / All) ft4life: im letting my dog blow me
(42:23 / All) divayth: yellow is nearing nerd climax
(42:26 / All) divayth: here he goess!!!!!!!!!!
(42:40 / All) ft4life: can the game end if you kill yourself?
(42:43 / All) TheOrcishHoard: Yes
(42:45 / All) ft4life: i think we are going to find out
(42:46 / All) TheOrcishHoard: I do this all the time
(42:54 / All) TheOrcishHoard: "We"? I already know the answer
(43:08 / All) divayth: green, you can still win
(43:12 / All) divayth: you just gotta believe in yourself
(43:22 / All) ft4life: greens going to be the only winner
(43:23 / All) TheOrcishHoard: Are you so daft that you don't realise we were in on this together from the start?
(43:31 / All) divayth: yes
(43:46 / All) divayth: it was a good plot twist
(43:46 / All) ft4life: poopy
(44:01 / All) ft4life: shit
(44:04 / All) TheOrcishHoard: Damn didn't notice that well
(44:06 / All) ft4life: he found my hidden treasure
(44:14 / All) divayth: pce homies
(44:15 / All) divayth: gg